 Dungeon Crawl Stone Soup version 0.25.0-10-g039870ee82 (webtiles) character file.

Game seed: 11377795752728892188

177 MisterFreud the Chiller (level 5, -5/37 HPs)
             Began as an Octopode Ice Elementalist on June 22, 2020.
             Splashed by an orc's acid (15 damage)
             ... on level 3 of the Dungeon.
             The game lasted 00:04:44 (3234 turns).

MisterFreud the Chiller (Octopode Ice Elementalist) Turns: 3234, Time: 00:04:45

Health: -5/37      AC:  1    Str:  8    XL:     5   Next: 57%
Magic:  15/18      EV: 13    Int: 18    God:
Gold:   147        SH:  0    Dex: 12    Spells: 6/9 levels left

rFire    . . .     SeeInvis .   o - +2 dagger (drain)
rCold    . . .     Gourm    .   (no shield)
rNeg     . . .     Faith    .   (helmet restricted)
rPois    .         Spirit   .   (no amulet)
rElec    .         Reflect  .   k - ring of magical power
rCorr    .         Harm     .   (no ring)
MR       .....                  (no ring)
Stlth    +++.......             (no ring)
HPRegen  0.12/turn              (no ring)
MPRegen  0.16/turn              (no ring)
                                (no ring)
                                (no ring)

@: lethally poisoned (-5 -> -8), frozen ramparts
A: almost no armour, stealthy swim, amphibious, 8 rings, constrict 8, camouflage
1, gelatinous body 1
a: no special abilities


You were on level 3 of the Dungeon.
You were very hungry.

You visited 1 branch of the dungeon, and saw 3 of its levels.

You collected 147 gold pieces.

Inventory:

Hand Weapons
 o - a +2 dagger of draining (weapon)
Jewellery
 k - a ring of magical power (left tentacle)
Scrolls
 a - 2 scrolls of identify
 c - a scroll of amnesia
 d - 3 scrolls of teleportation
Potions
 e - 2 potions of curing
 g - a potion of resistance {unknown}
 h - 2 potions of flight {unknown}
 i - 2 potions of cancellation {unknown}
 n - 2 potions of lignification {unknown}
Comestibles
 b - 7 rations


   Skills:
 - Level 4.0 Fighting
 - Level 2.0 Dodging
 - Level 2.6 Stealth
 + Level 2.8 Spellcasting
 + Level 4.5 Ice Magic


You had 6 spell levels left.
You knew the following spells:

 Your Spells              Type           Power        Failure   Level  Hunger
b - Frozen Ramparts       Ice            ###...       8%          3    ###....

Your spell library contained the following spells:

 Spells                   Type           Power        Failure   Level  Hunger
 Freeze                   Ice            ###.         2%          1    None
 Animate Skeleton         Necr           N/A          17%         1    None
 Apportation              Tloc           #.....       17%         1    None
 Corona                   Hex            #......      17%         1    None
 Summon Small Mammal      Summ           #...         17%         1    None
 Ozocubu's Armour         Chrm/Ice       ##......     19%         3    ###....
 Hailstorm                Conj/Ice       ##......     54%         4    ####...
 Summon Ice Beast         Ice/Summ       ##......     54%         4    ####...


Dungeon Overview and Level Annotations

Branches:
Dungeon (3/15)

Altars:


Innate Abilities, Weirdness & Mutations

You cannot wear most types of armour.
You are very stealthy in the water. (Stealth+)
You are amphibious.
You can wear up to eight rings at the same time.
You can use your tentacles to constrict eight enemies at once.
Your skin changes colour to match your surroundings (Stealth+).
Your rubbery body absorbs attacks. (AC +1, EV +1)


Message History

You are feeling very hungry.
The wall freezes the bat.
The wall freezes the bat but do no damage.
The wall freezes the bat.
You kill the bat!
The wall freezes the bat.
The bat hits you but does no damage.
You closely miss the bat. You grab the bat.
The bat is moderately wounded.
You constrict the bat.
You feel sick.
The wall freezes the bat.
You kill the bat!
The wall freezes the orc.
The orc closely misses you.
You barely miss the orc. Your grab misses the orc. You squeeze the orc.
The orc is heavily wounded.
You feel sick.
The orc throws a stone.
The stone misses you.
The wall freezes the orc.
You kill the orc!
The orc zaps a wand.
The bolt of acid hits you!
* * * LOW HITPOINT WARNING * * *
You are splashed with acid!
You die...

#...## ##...## #...#
#.### ##.....## #...#
#.# #.......# #...#
#.# #.......# #...#
#.# #.......# #.<.#
#.#####....<.####...#
..##..........†<#...#
####.##.......#(#...#
.....##.......#)@.###
.#######.....###..oo#
.....# ##...## ##.#.#
####.. ##### ###g#.#
#.....# #..........
#............
..........o...
###....o.l.....


You could see an orc priest, an orc and a goblin.

Vanquished Creatures
  2 orc priests (D:3)
  An orc wizard (D:3)
  3 adders
  An ooze (D:3)
  A dart slug (D:1)
  A leopard gecko (D:3)
  3 orcs (D:3)
  A giant cockroach (D:1)
  9 goblins
  7 hobgoblins
  4 jackals (D:1)
  A quokka (D:2)
  A ball python (D:1)
  4 bats
  8 frilled lizards
  8 kobolds
  8 rats
63 creatures vanquished.

Notes
Turn   | Place    | Note
-------+----------+-------------------------------------------
     0 | D:1      | MisterFreud the Octopode Ice Elementalist began the quest
                  | for the Orb.
     0 | D:1      | Reached XP level 1. HP: 11/11 MP: 3/3
   342 | D:1      | Reached skill level 1 in Fighting
   569 | D:1      | Reached XP level 2. HP: 18/18 MP: 5/5
  1284 | D:1      | Reached XP level 3. HP: 25/25 MP: 6/6
  2033 | D:2      | Learned a level 3 spell: Frozen Ramparts
  2112 | D:2      | Found a faded altar of an unknown god.
  2261 | D:2      | Reached XP level 4. HP: 27/31 MP: 7/7
  2755 | D:3      | Reached XP level 5. HP: 13/37 MP: 8/8
  3234 | D:3      | Splashed by an orc's acid

Illustrated notes

Levels and vault maps discovered:
D:1:      lemuel_arrival_hallway, layout_basic
D:2:      layout_loops_cross, chequers_ecumenical_altar_simple,
          kennysheep_generic_room_2
D:3:      layout_rooms, lemuel_round_altar

Skill      XL: |  1  2  3  4 |
---------------+-------------+-----
Fighting       | 1 2 3 4 |  4.0
Dodging        | |  2.0
Stealth        | |  2.6
Spellcasting   | |  2.8
Ice Magic      | |  4.5

Action                   |  1- 3 |  4- 6 || total
-------------------------+-------+-------++-------
Melee: Unarmed           |    91 |       ||    91
       Constrict         |    31 |     4 ||    35
       Tentacles         |    13 |     1 ||    14
       Dagger            |    12 |    21 ||    33
 Cast: Freeze            |    18 |       ||    18
       Frozen Ramparts   |       |     6 ||     6
  Use: Scroll            |       |     6 ||     6
       Potion            |       |     1 ||     1
 Stab: Sleeping          |    15 |     5 ||    20
       Distracted        |     1 |       ||     1
  Eat: Chunk             |     4 |     3 ||     7
Armor: Skin              |    11 |     4 ||    15
Dodge: Dodged            |    59 |    17 ||    76
